 Dungeon Crawl Stone Soup version 0.31.0-1-g2c135a0 (webtiles) character file.

Game seed: 9791938539492082408

284 Think the Ducker (level 6, -6/42 HPs)
             Began as an Octopode Fighter on Apr 14, 2024.
             Was an Initiate of Gozag.
             Killed from afar by Pikel (20 damage)
             ... with a bolt of dispelling energy
             ... on level 4 of the Dungeon.
             The game lasted 00:05:31 (2265 turns).

Think the Ducker (Octopode Fighter)                 Turns: 2265, Time: 00:05:32

Health: -6/42      AC:  1    Str: 15    XL:     6   Next: 29%
Magic:  6/6        EV: 20    Int: 11    God:    Gozag
Gold:   221        SH:  4    Dex: 13    Spells: 5/5 levels left

rFire   . . .        h - +0 long sword
rCold   . . .        b - +0 buckler
rNeg    + . .        (helmet currently unavailable)
rPois   .            (no amulet)
rElec   .            u - ring of positive energy
rCorr   .            v - +5 ring of evasion
SInv    .            (no ring)
Will    .....        (no ring)
Stlth   ++           (no ring)
HPRegen 0.27/turn    (no ring)
MPRegen 0.10/turn    (no ring)
                     (no ring)

%: no passive effects
@: brilliant, beast-form, gold aura
A: beast (slay +0), almost no armour, amphibious, 8 rings, camouflage 1,
gelatinous body 1, (nimble swimmer 1), tentacles, antennae 1, high MP 1
a: Begin Untransformation, Renounce Religion, Potion Petition, Call Merchant,
Bribe Branch


You were on level 4 of the Dungeon.
You worshipped Gozag.
Gozag was aware of your devotion.
You were a hulking beast.
You visited 1 branch of the dungeon, and saw 4 of its levels.

You collected 258 gold pieces.
You paid 37 gold pieces to Gozag.

Inventory:

Hand Weapons
 f - a +0 dagger of venom
 h - a +0 long sword (weapon)
Missiles
 x - 6 poisoned darts (quivered)
Armour
 b - a +0 buckler (worn)
 q - an orb of mayhem
Jewellery
 u - a ring of positive energy (left tentacle)
 v - a +5 ring of evasion (right tentacle)
Talismans
 d - a beast talisman (active)
Wands
 n - a wand of polymorph (6)
Scrolls
 a - a scroll of enchant armour {unknown}
 e - a scroll of identify
 g - a scroll of enchant weapon {unknown}
 i - 3 scrolls of fear {unknown}
 k - 2 scrolls of teleportation {unknown}
 l - a scroll of vulnerability {unknown}
 m - a scroll of fog {unknown}
 r - a scroll of noise
 s - a scroll of blinking
Potions
 j - a potion of curing
 o - a potion of enlightenment
 p - a potion of resistance {unknown}
 t - a potion of lignification {unknown}
 w - a potion of heal wounds {unknown}


   Skills:
 - Level 3.0 Fighting
 - Level 2.0 Long Blades
 + Level 6.9 Dodging
 - Level 3.0 Shields


You had 5 spell levels left.
You didn't know any spells.
Your spell library contained the following spells:

 Spells                   Type           Power      Damage    Failure   Level
 Apportation              Tloc           0%         N/A       43%         1
 Jinxbite                 Hex            0%         N/A       56%         2
 Alistair's Intoxication  Alch           0%         N/A       100%        5


Dungeon Overview and Level Annotations

Branches:
Dungeon (4/15)
 Temple: D:4-7

Altars:
Gozag

Annotations:
D:4 Pikel


Innate Abilities, Weirdness & Mutations

You are a hulking beast.
Your limbs bulge with bestial killing power. (Slay +0)
You cannot wear most types of armour.
You are amphibious.
You can wear up to eight rings at the same time.
Your skin changes colour to match your surroundings (Stealth+).
Your rubbery body absorbs attacks. (AC +1, EV +1)
((You are camouflaged when in or above water. (Stealth+)))
You have tentacles for arms and can constrict up to eight enemies at once.
You have a pair of small antennae on your head.
You have an increased reservoir of magic. (+10% MP)


Message History

You hit Pikel but do no damage. Your grab misses Pikel.
Your tentacle-slap misses Pikel.
Pikel is lightly wounded.
You hear a shout!
Pikel misses you.
You hit Pikel but do no damage. Your grab misses Pikel.
Pikel is lightly wounded.
Pikel closely misses you.
A lemure comes into view.
Pikel hits you with a +1 whip of freezing.
Pikel freezes you.
You hit Pikel. You grab Pikel.
Pikel is moderately wounded.
You constrict Pikel, but do no damage.
The lemure is no longer distracted by gold.
Pikel barely misses you.
You hit Pikel.
Pikel is moderately wounded.
You constrict Pikel, but do no damage. You block Pikel's attack.
You feel clever all of a sudden.
You constrict Pikel, but do no damage.
Pikel zaps a wand.
The bolt of dispelling energy misses you.
You completely miss Pikel.
Pikel is moderately wounded.
You constrict Pikel, but do no damage. You block Pikel's attack.
Pikel hits you with a +1 whip of freezing.
Pikel freezes you.
You hit Pikel but do no damage.
Pikel is moderately wounded.
You constrict Pikel, but do no damage.
Pikel hits you with a +1 whip of freezing!
* * * LOW HITPOINT WARNING * * *
Pikel freezes you.
* * * LOW HITPOINT WARNING * * *
You feel better.
You constrict Pikel.
Pikel zaps a wand.
The bolt of dispelling energy hits you!!
Your magical effects are unravelling.
You die...
Pikel says, "Another soul for the market."
Your body crumbles into a pile of gold.

#.##.# ###.#.# (#
#.##.#####.#.### K#
#.##.......#......
##.
#.##################
..g
#.##.......#....g..#
#.#
#.##.#####.#.#####.#
#.##
#.##)#####.#5###
#.###g.+
#....##....#5K.#
#.....##
#.#####.######h#
#######
#.#####.######.#
#...........)..#
################


You could see Pikel and 2 lemures.

Vanquished Creatures
  Sigmund (D:4)
  2 gnolls (D:4)
  3 adders
  2 dart slugs
  2 ribbon worms (D:3)
  2 ball pythons
  8 bats
  6 endoplasms
  3 giant cockroaches
  2 hobgoblins (D:2)
  6 jackals
  A quokka (D:1)
  2 frilled lizards
  7 goblins
  13 kobolds
  4 rats (D:1)
64 creatures vanquished.

Vanquished Creatures (collateral kills)
  A jackal (D:3)
1 creature vanquished.

Grand Total: 65 creatures vanquished

Notes
Turn   | Place    | Note
-------+----------+-------------------------------------------
     0 | D:1      | Think the Octopode Fighter began the quest for the Orb.
     0 | D:1      | Reached XP level 1. HP: 16/16 MP: 1/1
    89 | D:1      | Reached XP level 2. HP: 21/21 MP: 2/2
   110 | D:1      | Found a faded altar of an unknown god.
   261 | D:1      | Reached skill level 4 in Dodging
   354 | D:1      | Reached XP level 3. HP: 26/26 MP: 3/3
   844 | D:2      | Reached XP level 4. HP: 31/31 MP: 4/4
  1073 | D:3      | Reached skill level 5 in Dodging
  1259 | D:3      | Found an opulent altar of Gozag.
  1267 | D:3      | Became a worshipper of Gozag Ym Sagoz the Greedy
  1567 | D:3      | Gained mutation: You do not regenerate when monsters are
                  | visible. [potion of mutation]
  1567 | D:3      | Gained mutation: You are dopey. (Int -2) [potion of
                  | mutation]
  1569 | D:3      | Lost mutation: You are dopey. (Int -2) [potion of mutation]
  1569 | D:3      | Lost mutation: You do not regenerate when monsters are
                  | visible. [potion of mutation]
  1569 | D:3      | Gained mutation: You have an increased reservoir of magic.
                  | (+10% MP) [potion of mutation]
  1569 | D:3      | Gained mutation: You have a pair of small antennae on your
                  | head. [potion of mutation]
  1602 | D:4      | Noticed a lemure
  1602 | D:4      | Noticed a lemure
  1603 | D:4      | Noticed a lemure
  1772 | D:4      | Noticed Sigmund
  2022 | D:4      | Killed Sigmund
  2023 | D:4      | Reached skill level 6 in Dodging
  2023 | D:4      | Reached XP level 5. HP: 30/36 MP: 5/5
  2023 | D:4      | Reached XP level 6. HP: 35/42 MP: 6/6
  2217 | D:4      | Noticed Pikel
  2265 | D:4      | Killed from afar by Pikel

Illustrated notes

Levels and vault maps discovered:
D:1:      minmay_arrival_four_loops, layout_rooms,
          shapermc_ecumenical_altar_pompeii, ebering_dispersal_statue_hall
D:2:      layout_basic
D:3:      layout_basic, mainiacjoe_overflow_tiny_flanked
D:4:      layout_loops_ring, nicolae_wu_jian_immortal_techniques,
          serial_co_window_serial, co_window_corner_a,
          co_window_of_opportunity_a, co_window_of_opportunity_a,
          co_window_corner_a, co_window_paths_a, co_window_unsneaky_path_d,
          co_window_of_opportunity_c, co_window_broadway_b,
          co_window_broadway_b, co_window_4corner_a, co_window_paths_e,
          glass_columns_c, minmay_hedge_maze, minmay_manual_mess, uniq_pikel,
          uniq_grinder, uniq_sigmund

Skill      XL: |  1  2  3  4 |
---------------+-------------+-----
Dodging        | 4 6 |  6.9
Fighting       | |  3.0
Long Blades    | |  2.0
Shields        | |  3.0

Action                     |  1- 3 |  4- 6 || total
---------------------------+-------+-------++-------
  Melee: Long sword        |     7 |    21 ||    28
         Dagger            |    59 |    48 ||   107
         Constrict         |    20 |    13 ||    33
         Tentacles         |    15 |    10 ||    25
         Punch             |     1 |     1 ||     2
  Throw: Dart              |       |     2 ||     2
    Use: Potion            |     1 |     7 ||     8
         Scroll            |       |     3 ||     3
   Stab: Sleeping          |     3 |     2 ||     5
         Distracted        |       |     1 ||     1
 Armour: Skin              |    17 |    31 ||    48
  Dodge: Dodged            |    43 |    44 ||    87
  Block: Buckler           |    11 |     7 ||    18
   Form: Beast             |     1 |       ||     1
